 Dungeon Crawl Stone Soup version 0.17-a0-1468-gbf503c2 (webtiles) character file.

78 pulse the Chopper (level 4, -10/55 HPs)
             Began as a Formicid Berserker on July 1, 2015.
             Was a Believer of Trog.
             Mangled by pulse's ghost (18 damage)
             ... on level 3 of the Dungeon.
             The game lasted 00:04:33 (1581 turns).

pulse the Chopper (Formicid Berserker)              Turns: 1581, Time: 00:04:33

Health: -10/55     AC: 22    Str: 22    XL:     4   Next: 61%
Magic:  4/4        EV:  2    Int:  7    God:    Trog [**....]
Gold:   46         SH:  0    Dex: 10    Spells: 0 memorised, 3 levels left

rFire  . . .     SeeInvis .     a - +0 hand axe
rCold  . . .     Clarity  .     (armour currently unavailable)
rNeg   + + +     SustAt   .     (no shield)
rPois  +         Gourm    .     (helmet unavailable)
rElec  .         Spirit   .     (cloak currently unavailable)
rCorr  .         Warding  .     (gloves currently unavailable)
rMut   .         Stasis   +     (boots currently unavailable)
MR     .....                    (no amulet)
Stlth  ..........               (no ring)
                                l - ring of loudness

@: tree-form, not resistant to hostile enchantments, extremely unstealthy
A: permanent stasis, dig shafts and tunnels, four strong arms, (antennae 0)
a: Burn Spellbooks, Trog's Hand, Renounce Religion


You were on level 3 of the Dungeon.
You worshipped Trog.
Trog was pleased with you.
You were hungry.
You were a tree.
You visited 1 branch of the dungeon, and saw 3 of its levels.

You collected 46 gold pieces.

Inventory:

Hand weapons
 a - a +0 hand axe (weapon)
Armour
 b - a +0 animal skin
 e - a +0 pair of gloves (melded)
 j - a +0 plate armour (melded)
Jewellery
 i - a +1 ring of evasion {unknown}
 l - a ring of loudness (left branch)
 m - an uncursed ring of magical power
Magical devices
 p - a wand of enslavement (20)
Scrolls
 g - a scroll of identify
 h - 2 scrolls of random uselessness
 n - 3 scrolls of immolation {unknown}
 q - a scroll of remove curse
Potions
 d - a potion of lignification
 r - a potion of cancellation {unknown}
Comestibles
 c - 2 bread rations
 k - a beef jerky


   Skills:
 + Level 3.9 Fighting
 * Level 4.4 Axes
 * Level 2.5 Armour
 - Level 1.7 Dodging


You had 3 spell levels left.
You didn't know any spells.

Dungeon Overview and Level Annotations

Branches:
Dungeon (3/15)

Altars:
Kikubaaqudgha
Ru

Annotations:
D:3 pulse's ghost, average FoBe


Innate Abilities, Weirdness & Mutations

You are under a permanent stasis effect.
You can dig through walls and to a lower floor.
Your four strong arms can wield two-handed weapons with a shield.
((You have a pair of large antennae on your head (SInv).))


Message History

It was a potion of curing.
You feel better. Pulse's ghost hits you.
* * * LOW HITPOINT WARNING * * *
Drink which item? (? for menu, Esc to quit)
It was a potion of heal wounds.
You feel much better.
Pulse's ghost hits you but does no damage.
You are electrocuted!
Unknown command.
You barely miss pulse's ghost.
Pulse's ghost is heavily damaged.
Pulse's ghost hits you but does no damage.
You are electrocuted!
* * * LOW HITPOINT WARNING * * *
You hit pulse's ghost.
Pulse's ghost is severely damaged.
Pulse's ghost hits you but does no damage.
You barely miss pulse's ghost.
Pulse's ghost is severely damaged.
Pulse's ghost hits you but does no damage.
You are electrocuted!
You die...

### . #.. ?.
#.# #. #.#
#. #.# #.#
#.# #.. #W#
#####.##♣#{
#......).#
.#
#.####.###
.#
#......#..#
#.###.<#..#
#.###..#..#
#.........#
..#####..#.#
...........#


You could see pulse's ghost.

Vanquished Creatures
  4 adders (D:2)
  A worm (D:2)
  2 giant geckos
  A ball python (D:2)
  6 bats
  5 goblins
  3 hobgoblins
  4 jackals
  4 kobolds
  2 giant cockroaches
  2 giant newts (D:1)
  6 rats
40 creatures vanquished.

Notes
Turn   | Place    | Note
--------------------------------------------------------------
     0 | D:1      | pulse the Formicid Berserker began the quest for the Orb.
     0 | D:1      | Reached XP level 1. HP: 18/18 MP: 1/1
     2 | D:1      | Noticed a human
     2 | D:1      | Noticed a centaur
     4 | D:1      | Noticed an ogre
     4 | D:1      | Noticed a formicid
     6 | D:1      | Noticed a vampire
     8 | D:1      | Noticed a demigod
     8 | D:1      | Noticed a minotaur
    10 | D:1      | Noticed an octopode
    10 | D:1      | Noticed a naga
    12 | D:1      | Noticed a demonspawn
    14 | D:1      | Noticed a felid
    14 | D:1      | Noticed a troll
    16 | D:1      | Noticed a vine stalker
    18 | D:1      | Noticed a dwarf
    18 | D:1      | Noticed a gargoyle
    20 | D:1      | Noticed a merfolk
    20 | D:1      | Noticed an elf
    24 | D:1      | Noticed a spriggan
    24 | D:1      | Noticed a ghoul
    26 | D:1      | Noticed a tengu
    26 | D:1      | Noticed a draconian
   170 | D:1      | Reached XP level 2. HP: 22/24 MP: 2/2
   516 | D:2      | Reached XP level 3. HP: 29/29 MP: 3/3
   527 | D:2      | Reached skill level 4 in Axes
   871 | D:2      | Reached XP level 4. HP: 35/37 MP: 4/4
   900 | D:2      | Acquired Trog's second power
  1340 | D:2      | Found an ancient bone altar of Kikubaaqudgha.
  1396 | D:2      | Found a sacrificial altar of Ru.
  1563 | D:3      | Noticed pulse's ghost (average FoBe)
  1581 | D:3      | Mangled by pulse's ghost

Vault maps used:
D:1:      kb_arrival_jail
D:2:      lemuel_round_altar, lemuel_crystal_altar
D:3:      lemuel_crystal_altar, nicolae_overflow_crystal_walls, first_bread,
          uniq_grinder, uniq_jessica

Action                   |  1- 3 |  4- 6 || total
-------------------------+-------+-------++-------
Melee: Hand axe          |    82 |    85 ||   167
Invok: Burn Spellbooks   |       |     1 ||     1
  Use: Scroll            |     5 |       ||     5
       Potion            |     1 |     3 ||     4
 Stab: Sleeping          |     1 |       ||     1
  Eat: Pizza             |       |     1 ||     1
